Map: Whispers of Gold

Players

IIIIIIIIIIII - Winner!

  • Race: Protoss Protoss
  • League: Platinum
  • Spawn Location: 9:00

Ryu

  • Race: Protoss Protoss
  • League: Platinum
  • Spawn Location: 5:00

VOD

Have the link to the VOD?

Description

Time

  • Played on: April 22, 2025, 10:59 a.m.
  • Length: 4:38
Show
View Real Time Build Order
Export as new Build Order

IIIIIIIIIIII Protoss - Winner!

Build Orders:  

Get SALT Encoding   

  12  0:00  Probe  
  13  0:12  Probe  
  14  0:18  Pylon  
  14  0:24  Probe  
  15  0:36  Probe  
  15  0:39  Gateway  
  16  0:44  Probe  
  17  0:50  Assimilator  
  17  0:54  Probe  
  18  1:06  Probe  
  19  1:12  Assimilator  
  19  1:18  Probe  
  19  1:21  Gateway  
  20  1:28  Cybernetics Core  
  20  1:34  Assimilator  
  20  1:38  Probe  
  21  1:44  Pylon  
  21  1:55  Probe  
  22  2:03  Stalker x2  
  22  2:12  Pylon  
  22  2:14  Probe  
  27  2:17  Warp Gate  
  27  2:26  Probe  
  28  2:33  Stalker  
  28  2:35  Pylon  
  30  2:50  Stalker  
  30  2:55  Pylon  
  32  3:25  Gateway  
  32  3:30  Gateway  
  30  4:05  Stalker x2  
  34  4:20  Stalker  
  36  4:24  Stalker  
  36  4:29  Robotics Facility  
  38  4:32  Stalker x2  
Show
View Real Time Build Order
Export as new Build Order

Ryu Protoss 

Build Orders:  

Get SALT Encoding   

  12  0:00  Probe  
  13  0:12  Probe  
  14  0:17  Pylon  
  14  0:24  Probe  
  15  0:36  Gateway  
  15  0:39  Probe  
  16  0:48  Probe, Assimilator  
  16  0:56  Probe  
  18  1:05  Probe  
  19  1:22  Gateway  
  19  1:24  Cybernetics Core  
  19  1:28  Probe  
  20  1:37  Zealot  
  22  1:40  Pylon  
  22  2:02  Warp Gate  
  22  2:11  Robotics Facility  
  22  2:23  Stalker  
  24  2:44  Stalker  
  24  2:46  Nexus  
  24  2:48  Pylon  
  26  3:01  Warp Prism  
  26  3:04  Stalker  
  28  3:13  Stalker  
  28  3:26  Shield Battery  
  30  3:32  Pylon  
  28  3:53  Stalker  
  30  4:07  Assimilator  
  30  4:12  Zealot  
  32  4:20  Stalker  
  34  4:26  Pylon  
  34  4:27  Pylon  
Tags
 
Add a new tag
Caveats
  • Supply blocks, unpowered buildings, or Contaminate may cause inaccurate times.
  • Supply counts are checked every 10 seconds.